 Dungeon Crawl Stone Soup version 0.28-a0-1429-gf3d713df7a (webtiles) character file.

Game seed: 10617086010005557990

465 croobank the Chopper (level 6, -1/56 HPs)
             Began as a Minotaur Berserker on Jan 8, 2022.
             Was a Priest of Trog.
             Slain by Sigmund (9 damage)
             ... on level 4 of the Dungeon.
             The game lasted 00:16:58 (3233 turns).

croobank the Chopper (Minotaur Berserker)           Turns: 3233, Time: 00:16:58

Health: -1/56      AC:  8    Str: 24    XL:     6   Next: 80%
Magic:  5/5        EV: 11    Int:  4    God:    Trog [***...]
Gold:   81         SH:  0    Dex:  9    Spells: 5/5 levels left

rFire   . . .      SeeInvis .   a - +0 war axe
rCold   . . .      Faith    .   (no shield)
rNeg    . . .      Spirit   .   t - +0 scale mail
rPois   .          Reflect  .   (helmet restricted)
rElec   .          Harm     .   (no cloak)
rCorr   .          Rampage  .   p - +0 pair of gloves
Will    .....                   (no boots)
Stlth   ..........              (no amulet)
HPRegen 0.18/turn               m - ring of flight
MPRegen 0.09/turn               (no ring)

@: on berserk cooldown, attractive, flying, slowed, very slow
A: horns 2, retaliatory headbutt
a: Renounce Religion, Berserk, Trog's Hand


You were on level 4 of the Dungeon.
You worshipped Trog.
Trog was most pleased with you.
You visited 1 branch of the dungeon, and saw 4 of its levels.

You collected 81 gold pieces.

Inventory:

Hand Weapons
 a - a +0 war axe (weapon)
 f - a +0 dagger of speed
 q - a +3 rapier
 s - a +3 dagger
Missiles
 c - 48 arrows
 d - 75 bolts
 e - 86 stones
 k - a throwing net (quivered)
 n - 21 poisoned darts
 v - 14 sling bullets
Armour
 b - a +0 ring mail
 p - a +0 pair of gloves (worn)
 t - a +0 scale mail (worn)
Jewellery
 m - a ring of flight (left hand)
 w - a ring of magical power
 y - the ring of Wosac {rF+ Will+ Int-4 Slay+3}
   (You found it on level 4 of the Dungeon)

   [ring of protection from fire]

   Int:       It affects your intelligence (-4).
   Slay:      It affects your accuracy & damage with ranged weapons and melee
   (+3).
   rF:        It protects you from fire.
   Will:      It increases your willpower.
Scrolls
 i - a scroll of enchant weapon {unknown}
 j - a scroll of enchant armour {unknown}
 o - a scroll of vulnerability {unknown}
 u - 2 scrolls of teleportation {unknown}
Potions
 h - a potion of berserk rage
 l - a potion of cancellation


   Skills:
 + Level 5.5 Fighting
 + Level 5.6 Axes
 + Level 4.8 Armour
 + Level 4.4 Dodging


You had 5 spell levels left.
You didn't know any spells.
Your spell library was empty.

Dungeon Overview and Level Annotations

Branches:
Dungeon (4/15)
 Temple: D:4-7

Altars:
Elyvilon
Zin
The Shining One

Shops:
D:2 =

Annotations:
D:4 Sigmund


Innate Abilities, Weirdness & Mutations

You have a pair of horns on your head.
You reflexively headbutt those who attack you in melee.


Message History

You hear some strange, mumbled words.
A puff of flame appears from out of thin air!
The puff of flame misses you.
You bump into the rock wall.
Something completely misses you.
You bump into the rock wall.
You feel less confused. Something hits you!
You miss something. You headbutt something. Something hits you.
You closely miss something. Your headbutt misses something.
Something hits you! x2
You closely miss something. Your headbutt misses something. Something hits you.
You miss something. Something hits you but does no damage.
You hit something but do no damage. Something hits you!
You barely miss something. Your headbutt misses something. Something hits you.
* * * LOW HITPOINT WARNING * * *
Okay, then.
Okay, then.
It was a potion of attraction.
You feel attractive to monsters.
You hear some strange, mumbled words.
Something tries to affect you, but you resist.
You hear some strange, mumbled words.
Something tries to affect you, but you resist.
It was a potion of curing.
You feel better. Something hits you.
You hit something. Something hits you but does no damage.
You closely miss something. Something hits you!
* * * LOW HITPOINT WARNING * * *
Something hits you but does no damage.
You hit something but do no damage. Something hits you.
* * * LOW HITPOINT WARNING * * *
Something hits you but does no damage. Something is attracted toward you.
Something hits you.
* * * LOW HITPOINT WARNING * * *
Something is attracted toward you. Something completely misses you.
Something is attracted toward you.
Okay, then.
Okay, then.
Unknown command.
As you read the scroll of summoning, it crumbles to dust.
Wisps of shadow whirl around you... Something hits you!
You die...

#......##..# ###..####
#..######..# #..# # #..#
#..# #..# # #..# #... #..#
# #..#### # #..# #
#[....####.# .######..####
#...#.................)...
#.....#####s..........###.
#....§§S.@sS# #######.###.
#.##.######## ........#
#.##.# ####..... #.##@#
####.# #. ... #.# ... #.#
#... #.# #.# ##. #.# #.#
#.# #.#


You could see 2 friendly scorpions and 2 friendly adders.

Vanquished Creatures
  A scorpion (D:4)
  A hound (D:4)
  An orc priest (D:4)
  A bullfrog skeleton (D:4)
  Jessica (D:2)
  3 orc wizards
  4 gnolls
  4 adders
  2 adder skeletons (D:4)
  3 worms
  A dart slug (D:1)
  16 orcs
  11 ball pythons
  7 bats
  4 endoplasms
  5 giant cockroaches
  13 goblins
  13 hobgoblins
  4 kobolds
  5 quokkas
  3 frilled lizards
  5 rats
108 creatures vanquished.

Vanquished Creatures (collateral kills)
  An endoplasm (D:2)
  A giant cockroach (D:2)
2 creatures vanquished.

Grand Total: 110 creatures vanquished

Notes
Turn   | Place    | Note
-------+----------+-------------------------------------------
     0 | D:1      | croobank the Minotaur Berserker began the quest for the
                  | Orb.
     0 | D:1      | Reached XP level 1. HP: 19/19 MP: 0/0
   164 | D:1      | Reached XP level 2. HP: 27/27 MP: 1/1
   380 | D:1      | Reached XP level 3. HP: 31/33 MP: 2/2
   427 | D:1      | Found a faded altar of an unknown god.
   939 | D:2      | Noticed Jessica
   942 | D:2      | Killed Jessica
   943 | D:2      | Reached XP level 4. HP: 34/40 MP: 3/3
  1045 | D:2      | Reached ** piety under Trog
  1189 | D:2      | Found Nakahil's Jewellery Shop.
  1546 | D:3      | Reached XP level 5. HP: 32/47 MP: 4/4
  2032 | D:3      | Found a white marble altar of Elyvilon.
  2034 | D:3      | Found a glowing golden altar of the Shining One.
  2047 | D:3      | Found a glowing silver altar of Zin.
  2321 | D:4      | Reached skill level 5 in Axes
  2334 | D:4      | Reached *** piety under Trog
  2338 | D:4      | Reached skill level 5 in Fighting
  2378 | D:4      | Reached XP level 6. HP: 22/56 MP: 5/5
  3189 | D:4      | Identified the ring of Wosac {rF+ Will+ Int-4 Slay+3}
  3208 | D:4      | Noticed Sigmund
  3233 | D:4      | Slain by Sigmund

Illustrated notes

Levels and vault maps discovered:
D:1:      dpeg_arrival_boxorama, layout_basic,
          shapermc_ecumenical_altar_flowoftime
D:2:      layout_basic, serial_shops, shop, uniq_jessica
D:3:      layout_rooms, good_gods_mini_temple
D:4:      layout_loops_ring, uniq_sigmund

Skill      XL: |  1  2  3  4  5  6 |
---------------+-------------------+-----
Fighting       | 4 5 |  5.5
Axes           | 4 5 |  5.6
Armour         | 3 4 |  4.8
Dodging        | 3 4 |  4.4

Action                   |  1- 3 |  4- 6 || total
-------------------------+-------+-------++-------
Melee: Hand axe          |    52 |   131 ||   183
       Headbutt          |    12 |    20 ||    32
       War axe           |       |    61 ||    61
       Punch             |       |     2 ||     2
Throw: Throwing net      |       |     1 ||     1
  Use: Scroll            |       |     5 ||     5
       Potion            |       |     5 ||     5
Armor: Animal skin       |     8 |       ||     8
       Leather armour    |     1 |     3 ||     4
       Ring mail         |       |    44 ||    44
       Scale mail        |       |    26 ||    26
Dodge: Dodged            |    40 |   102 ||   142

Table legend: (Time is in decaauts)
 A = Elapsed time spent in this place.
 B = Non-inter-level travel time spent in this place.
 C = Inter-level travel time spent in this place.
 D = Time resting spent in this place.
 E = Time spent auto-exploring this place.
 F = Levels seen in this place.
 G = Mean time per level.
                   A        B        C        D        E       F      G
               +--------+--------+--------+--------+--------+-----+--------+
         Total |   3269 |   3137 |    132 |    617 |   1497 |   4 |  817.2 |
       Dungeon |   3269 |   3137 |    132 |    617 |   1497 |   4 |  817.2 |
               +--------+--------+--------+--------+--------+-----+--------+

Top non-repeatable levels by time:
     D:4: 950 daAuts
     D:1: 927 daAuts
     D:3: 720 daAuts
     D:2: 671 daAuts
